 Dungeon Crawl Stone Soup version 0.29.0-5-ge4962eb29e (webtiles) character file.

Game seed: 5077283416600344185

5 coolguy4201 the Conjurer (level 1, 0/10 HPs)
             Began as a Deep Elf Conjurer on Aug 29, 2022.
             Slain by a hobgoblin (1 damage)
             ... on level 1 of the Dungeon on Aug 30, 2022.
             The game lasted 00:00:41 (284 turns).

coolguy4201 the Conjurer (Deep Elf Conjurer)         Turns: 284, Time: 00:00:42

Health: 0/10       AC:  2    Str:  4    XL:     1   Next: 66%
Magic:  1/6        EV: 12    Int: 22    God:
Gold:   0          SH:  0    Dex: 13    Spells: 5/6 levels left

rFire   . . .      SeeInvis .   (no weapon)
rCold   . . .      Faith    .   (no shield)
rNeg    . . .      Spirit   .   a - +0 robe
rPois   .          Reflect  .   (no helmet)
rElec   .          Harm     .   (no cloak)
rCorr   .          Rampage  .   (no gloves)
Will    .....                   (no boots)
Stlth   ++........              (no amulet)
HPRegen 0.03/turn               (no ring)
MPRegen 0.10/turn               (no ring)

@: no status effects
A: no striking features
a: no special abilities


You were on level 1 of the Dungeon.
You visited 1 branch of the dungeon, and saw 1 of its levels.

Inventory:

Armour
 a - a +0 robe (worn)
Jewellery
 d - a ring of ice
Scrolls
 c - a scroll of magic mapping {unknown}
Potions
 b - a potion of magic
 e - a potion of flight {unknown}


   Skills:
 + Level 2.4 Dodging
 + Level 2.4 Stealth
 + Level 3.1 Spellcasting
 + Level 4.6 Conjurations


You had 5 spell levels left.
You knew the following spells:

 Your Spells              Type           Power      Damage    Failure   Level
a - Magic Dart            Conj           96%        1d7       1%          1

Your spell library contained the following spells:

 Spells                   Type           Power      Damage    Failure   Level
 Searing Ray              Conj           48%        2d6       2%          2
 Dazzling Flash           Conj/Hex       26%        N/A       14%         3
 Fulminant Prism          Conj/Hex       6%         3d7       43%         4
 Iskenderun's Mystic Bla  Conj/Tloc      13%        2d5       43%         4


Dungeon Overview and Level Annotations

Branches:
Dungeon (1/15)

Altars:


Message History

The goblin barely misses you.
The magic dart hits the goblin.
You kill the goblin!
A goblin comes into view. It is wielding a +0 dagger.
You are out of magic!
You are out of magic!
There are monsters nearby!
The kobold throws a stone.
The stone hits you.
A giant cockroach comes into view.
The kobold throws a stone.
The stone hits you but does no damage.
The kobold throws a stone.
The stone closely misses you.
The magic dart hits the goblin.
The goblin is moderately wounded.
The goblin attacks as you move away! The goblin hits you but does no damage.
The goblin attacks as you move away! The goblin hits you with a +0 dagger.
The kobold throws a stone.
The stone barely misses you. The goblin attacks as you move away!
The goblin completely misses you. The goblin misses you.
The endoplasm attacks as you move away! The endoplasm barely misses you.
Found a scroll labelled COBO KYIRUYRR.
The goblin attacks as you move away! The goblin hits you with a +0 dagger.
The endoplasm attacks as you move away! The endoplasm barely misses you.
A hobgoblin comes into view.
Found a metallic pink potion.
The goblin hits you with a +0 dagger.
You are too injured to fight recklessly!
The goblin attacks as you move away! The goblin misses you.
Welcome back, coolguy4201 the Deep Elf Conjurer.
Press ? for a list of commands and other information.
You are too injured to fight recklessly!
There are monsters nearby!
The goblin attacks as you move away! The goblin closely misses you.
The hobgoblin shouts!
The hobgoblin barely misses you. The hobgoblin hits you.
* * * LOW HITPOINT WARNING * * *
The hobgoblin completely misses you. The goblin attacks as you move away!
The goblin closely misses you. The goblin attacks as you move away!
The goblin closely misses you. The hobgoblin attacks as you move away!
The hobgoblin hits you.
You die...

# ####...........
###....##.######.#
≈≈##..###.#### #.#
P~≈##.##.....###^##
.~~~####.....##...#
8.P~≈# #(....##...#
...~≈###.....##...#
....~8#......##...#
<.8P.+.>...####.@!#
....~8..#..# #gg.#
...~≈#.....# #.J?#
8.P≈≈#...#.# #...#
.~~~##..##.# #.K.#
P~≈##.#.##.# ##.##
~≈##....##.# #.#
###......#.#####.#
#....##....†....#


You could see an endoplasm, a hobgoblin, a goblin and a kobold.

Vanquished Creatures
  2 goblins (D:1)
  A quokka (D:1)
  A ball python (D:1)
  A frilled lizard (D:1)
  A rat (D:1)
6 creatures vanquished.

Notes
Turn   | Place    | Note
-------+----------+-------------------------------------------
     0 | D:1      | coolguy4201 the Deep Elf Conjurer began the quest for the
                  | Orb.
     0 | D:1      | Reached XP level 1. HP: 10/10 MP: 6/6
   284 | D:1      | Slain by a hobgoblin

Illustrated notes

Levels and vault maps discovered:
D:1:      lightli_arrival_statuegarden, layout_rooms,
          shapermc_ecumenical_altar_hornbeckon

Action                   || total
-------------------------++-------
 Cast: Magic Dart        ||    16
Armor: Robe              ||     2
Dodge: Dodged            ||    13
